 Dungeon Crawl Stone Soup version 0.17-a0-2147-gfb20a63 (webtiles) character file.

16 truemonolith the Charmwright (level 2, -4/17 HPs)
             Began as a High Elf Skald on Oct 24, 2015.
             Slain by Sigmund
             ... wielding a +0 scythe
              (7 damage)
             ... on level 2 of the Dungeon.
             The game lasted 00:02:14 (1143 turns).

truemonolith the Charmwright (High Elf Skald)       Turns: 1143, Time: 00:02:15

Health: -4/17      AC:  5    Str: 13    XL:     2   Next: 37%
Magic:  6/6        EV: 16    Int: 15    God:
Gold:   10         SH:  0    Dex: 19    Spells: 1 memorised, 5 levels left

rFire  . . .     SeeInvis .     a - +0 falchion
rCold  . . .     Clarity  .     b - +0 leather armour
rNeg   . . .     SustAt   .     (no shield)
rPois  .         Gourm    .     l - +0 helmet
rElec  .         Spirit   .     (no cloak)
rCorr  .         Warding  .     k - +0 pair of gloves
rMut   .         Stasis   .     (no boots)
MR     .....                    (no amulet)
Stlth  ++........               (no ring)
                                (no ring)

@: confused, agile, flying, not resistant to hostile enchantments, unstealthy
A: blurry vision 1, frail 1, strong 1
a: no special abilities


You were on level 2 of the Dungeon.
You were not hungry.

You visited 1 branch of the dungeon, and saw 2 of its levels.

You collected 10 gold pieces.

Inventory:

Hand Weapons
 a - a +0 falchion (weapon)
Armour
 b - a +0 leather armour (worn)
 k - a +0 pair of gloves (worn)
 l - a +0 helmet (worn)
Jewellery
 e - a +2 ring of protection {unknown}
Scrolls
 i - a scroll of remove curse {unknown}
 j - a scroll of magic mapping {unknown}
Books
 c - a book of Battle

   Spells                             Type                      Level
   a - Infusion                       Charms                       1
   b - Shroud of Golubria             Charms/Translocation         2
   c - Song of Slaying                Charms                       2
   d - Spectral Weapon                Hexes/Charms                 3
   e - Regeneration                   Charms/Necromancy            3
Comestibles
 d - a bread ration


   Skills:
 - Level 2.0 Fighting
 + Level 2.7 Long Blades
 - Level 0.8 Armour
 - Level 1.1 Dodging
 + Level 2.8 Spellcasting
 + Level 4.2 Charms


You had 5 spell levels left.
You knew the following spells:

 Your Spells              Type           Power        Failure   Level  Hunger
a - Infusion              Chrm           ##....       6%          1    #......


Dungeon Overview and Level Annotations

Branches:
Dungeon (2/15)

Altars:

Annotations:
D:2 Sigmund


Innate Abilities, Weirdness & Mutations

Scrolls take you a little longer to read.
You are frail (-10% HP).
Your muscles are strong. (Str +2)


Message History

A magic dart appears from out of thin air!
The magic dart hits you!
A magic dart appears from out of thin air!
The magic dart hits you!
* * * LOW HITPOINT WARNING * * *
You are confused.
There is a stone staircase leading up here.
Unknown command.
You are more confused.
Drink which item? (? for menu, Esc to quit)
It was a potion of agility.
You feel agile all of a sudden.
Drink which item? (? for menu, Esc to quit)
It was a potion of mutation.
You feel extremely strange.
Your vision blurs.
You feel frail.
You feel stronger.
Drink which item? (? for menu, Esc to quit)
It was a potion of flight.
You feel very buoyant.
You fly up into the air.
Something hits you!
You die...

## #.# #.# #.#
##.# ### #<##
#..
##.#####.####
##@.........
##.........
####...######..
#............#
#.........##.#
#.........#
####...(...#
#...##..# #...#
....


There were no monsters in sight!

Vanquished Creatures
  A giant gecko (D:1)
  2 bats (D:1)
  A giant cockroach (D:1)
  4 goblins (D:1)
  2 hobgoblins (D:1)
  A ball python (D:1)
  2 kobolds (D:1)
  3 rats (D:1)
16 creatures vanquished.

Notes
Turn   | Place    | Note
--------------------------------------------------------------
     0 | D:1      | truemonolith the High Elf Skald began the quest for the Orb.
     0 | D:1      | Reached XP level 1. HP: 14/14 MP: 4/4
   343 | D:1      | Reached skill level 4 in Charms
   368 | D:1      | Reached XP level 2. HP: 16/19 MP: 6/6
  1128 | D:2      | Noticed Sigmund
  1142 | D:2      | Gained mutation: Scrolls take you a little longer to read. [potion of mutation]
  1142 | D:2      | Gained mutation: You are frail (-10% HP). [potion of mutation]
  1142 | D:2      | Gained mutation: Your muscles are strong. (Str +2) [potion of mutation]
  1143 | D:2      | Slain by Sigmund

Vault maps used:
D:1:      eino_arrival_water_star, minmay_misc_feat_tiny
D:2:      uniq_sigmund, uniq_iyjb

Action                   || total
-------------------------++-------
Melee: Falchion          ||    64
 Cast: Infusion          ||     1
  Use: Potion            ||     3
 Stab: Sleeping          ||     1
  Eat: Bread ration      ||     1
